 Dungeon Crawl Stone Soup version 0.20-a0-9-g62d82d9 (webtiles) character file.

142 Gobser the Chopper (level 5, -2/47 HPs)
             Began as a Minotaur Chaos Knight on Nov 1, 2016.
             Slain by an ice beast (10 damage)
             ... on level 3 of the Dungeon.
             The game lasted 00:07:48 (2853 turns).

Gobser the Chopper (Minotaur Chaos Knight)          Turns: 2853, Time: 00:07:48

Health: -2/47      AC:  6    Str: 15 (18) XL:     5   Next: 4%
Magic:  4/4        EV: 17    Int:  9      God:    Xom [......]
Gold:   152        SH:  0    Dex: 12 (14) Spells: 0 memorised, 4 levels left

rFire  . . .     SeeInvis .     a - +1 hand axe (chaos)
rCold  . . .     Gourm    .     b - +3 leather armour
rNeg   . . .     Faith    .     (no shield)
rPois  .         Spirit   .     (helmet restricted)
rElec  .         Reflect  .     (no cloak)
rCorr  .         Harm     .     (no gloves)
MR     .....                    (no boots)
Stlth  ++........               (no amulet)
                                (no ring)
                                (no ring)

@: agile
A: retaliatory headbutt, horns 2
a: Renounce Religion


You were on level 3 of the Dungeon.
You worshipped Xom.
You were a very special plaything of Xom.
You were not hungry.

You visited 1 branch of the dungeon, and saw 3 of its levels.

You collected 152 gold pieces.

Inventory:

Hand Weapons
 a - a +1 hand axe of chaos (weapon)
Missiles
 g - 6 tomahawks (quivered)
Armour
 b - a +3 leather armour (worn)
 j - a cursed +0 helmet
Wands
 m - a wand of iceblast (10/15)
Scrolls
 d - 2 scrolls of identify
 e - 2 scrolls of recharging
 k - a scroll of teleportation
 o - a scroll of remove curse
Potions
 h - 2 potions of haste
 n - a potion of cancellation {unknown}
Comestibles
 c - 2 fruits
 i - a bread ration
 l - a slice of pizza


   Skills:
 + Level 4.5 Fighting
 + Level 5.5 Axes
 + Level 3.3 Armour
 + Level 1.9 Dodging
 + Level 0.1 Stealth


You had 4 spell levels left.
You didn't know any spells.

Dungeon Overview and Level Annotations

Branches:
Dungeon (3/15)

Altars:
Ashenzari
Makhleb
Xom


Innate Abilities, Weirdness & Mutations

You reflexively headbutt those who attack you in melee.
You have a pair of horns on your head.


Message History

You kill the jackal!
An ice beast comes into view.
Found a mace.
Found an escape hatch in the floor.
You see here a jackal corpse.
You hit the ice beast but do no damage.
The ice beast flickers and vanishes!
Deactivating autopickup; reactivate with Ctrl-A.
Your headbutt misses something. Something completely misses you.
You completely miss something. Something hits you. Something freezes you.
You barely miss something. Something hits you but does no damage.
You barely miss something. Something hits you. Something freezes you!
It was a potion of agility.
You feel agile all of a sudden.
Xom thinks this is hilarious!
Something hits you. Something freezes you!
* * * LOW HITPOINT WARNING * * *
Something hits you.
* * * LOW HITPOINT WARNING * * *
Something freezes you!
You die... "Huh?
Did I miss anything?"

#.#.#.##.....#....#
#....##......#.....
#######..#.(..)†(#..... #
#.......†.#.##.##.#..##
#.##........†.....##......
#.............##.########.
##..........##.# #.
#.............########.
######@.##....+........
#..##....#######..
#..##....# ####..
#..#.....####..... #..#
.......# #..# ##.....#
.... +(..... #### #.....#
#......


There were no monsters in sight!

Vanquished Creatures
  Natasha (twice) (D:2)
  A gnoll (D:1)
  An adder (D:2)
  An ooze (D:1)
  2 worms (D:2)
  A dart slug (D:1)
  A leopard gecko (D:1)
  3 orcs (D:3)
  3 giant cockroaches
  4 goblins
  3 hobgoblins
  10 jackals
  A quokka (D:2)
  9 bats
  A frilled lizard (D:3)
  6 kobolds
  6 rats
55 creatures vanquished.

Notes
Turn   | Place    | Note
-------+----------+-------------------------------------------
     0 | D:1      | Gobser the Minotaur Chaos Knight began the quest for the Orb.
     0 | D:1      | Reached XP level 1. HP: 19/19 MP: 0/0
    15 | D:1      | Reached XP level 2. HP: 12/27 MP: 1/1
    23 | D:1      | Reached skill level 4 in Axes
   395 | D:1      | Reached XP level 3. HP: 28/33 MP: 2/2
   596 | D:1      | XOM: silly message
  1396 | D:2      | Noticed Natasha
  1404 | D:2      | Killed Natasha
  1587 | D:2      | XOM: 3-stop teleportation journey
  1663 | D:2      | Reached XP level 4. HP: 38/40 MP: 3/3
  1732 | D:2      | Reached skill level 5 in Axes
  1769 | D:2      | Noticed Natasha
  1780 | D:2      | Killed Natasha
  1870 | D:2      | XOM: noise
  1951 | D:2      | Found a burning altar of Makhleb.
  1951 | D:2      | Noticed an Executioner
  1955 | D:2      | Noticed a ynoxinul
  1955 | D:2      | Noticed an orange demon
  2256 | D:3      | XOM: smoke on damage
  2277 | D:3      | XOM: harmless Necr miscast
  2359 | D:3      | Found a shattered altar of Ashenzari.
  2446 | D:3      | XOM: severe Ice miscast
  2560 | D:3      | XOM: harmless Ice miscast
  2580 | D:3      | XOM: scenery: create altars
  2655 | D:3      | XOM: summons 2 hostile demons
  2826 | D:3      | Reached XP level 5. HP: 43/47 MP: 4/4
  2841 | D:3      | Noticed an ice beast
  2853 | D:3      | Slain by an ice beast

Vault maps used:
D:1:      erik_arrival_cave_to_civilisation, roderic_serpentine_path
D:2:      makhleb_altar_promises_db, first_bread, uniq_natasha
D:3:      nicolae_ashenzari_panopticon

Skill      XL: |  1  2  3  4 |
---------------+-------------+-----
Axes           | 4 5 |  5.5
Fighting       | 4 |  4.5
Armour         | 3 |  3.3
Dodging        | |  1.9
Stealth        | |  0.1

Action                   |  1- 3 |  4- 6 || total
-------------------------+-------+-------++-------
Melee: Hand axe          |    62 |    94 ||   156
       Headbutt          |     6 |     6 ||    12
  Use: Scroll            |     6 |     2 ||     8
       Potion            |     1 |     2 ||     3
  Eat: Bread ration      |     1 |       ||     1
       Meat ration       |       |     1 ||     1
Armor: Leather armour    |    26 |    43 ||    69
Dodge: Dodged            |    45 |    72 ||   117
